 Dungeon Crawl Stone Soup version 0.29.1-1-gd02db6906a (webtiles) character file.

Game seed: 6436917742925973638

29 RogueRain17 the Chopper (level 3, 26/26 (27) HPs)
             Began as a Demonspawn Gladiator on Sept 19, 2022.
             Got out of the dungeon alive.
             The game lasted 00:01:55 (1180 turns).

RogueRain17 the Chopper (Demonspawn Gladiator)      Turns: 1180, Time: 00:01:56

HP:   26/26 (27)    AC:  4    Str: 16    XL:     3   Next: 1%
MP:   3/3           EV: 14    Int:  9    God:
Gold: 60            SH:  0    Dex: 14    Spells: 2/2 levels left

rFire   . . .      SeeInvis .   a - +0 war axe
rCold   . . .      Faith    .   (no shield)
rNeg    . . .      Spirit   .   b - +0 leather armour
rPois   .          Reflect  .   c - +0 helmet
rElec   .          Harm     .   (no cloak)
rCorr   .          Rampage  .   (no gloves)
Will    .....                   (no boots)
Stlth   +.........              (no amulet)
HPRegen 0.08/turn               (no ring)
MPRegen 0.08/turn               (no ring)

@: lightly drained
A: claws 1, repulsion field 1
a: no special abilities


You escaped.
You visited 1 branch of the dungeon, and saw 1 of its levels.

You collected 60 gold pieces.

Inventory:

Hand Weapons
 a - a +0 war axe (weapon)
Missiles
 d - 3 throwing nets (quivered)
 e - a javelin
Armour
 b - a +0 leather armour (worn)
 c - a +0 helmet (worn)
Scrolls
 f - a scroll of identify {unknown}
Potions
 g - a potion of heal wounds {unknown}


   Skills:
 - Level 2.0 Fighting
 * Level 3.5 Axes
 - Level 1.7 Throwing
 + Level 3.1 Dodging


You had 2 spell levels left.
You didn't know any spells.
Your spell library contained the following spells:

 Spells                   Type           Power      Damage    Failure   Level
 Call Canine Familiar     Summ           0%         N/A       83%         3
 Portal Projectile        Hex/Tloc       0%         N/A       83%         3
 Leda's Liquefaction      Hex/Erth       0%         N/A       99%         4


Dungeon Overview and Level Annotations

Branches:
Dungeon (1/15)

Altars:

Shops:
D:1 *


Innate Abilities, Weirdness & Mutations

You have sharp fingernails.
You are surrounded by a mild repulsion field. (EV +2)


Message History

The bat completely misses you. The bat hits you but does no damage.
You barely miss the bat.
The bat is heavily wounded.
The bat closely misses you. The bat barely misses you.
You hit the bat.
You kill the bat!
No target in view!
No target in view!
No target in view!
No target in view!
No target in view!
No target in view!
No target in view!
No target in view!
No target in view!
No target in view!
No target in view!
No target in view!
No target in view!
No target in view!
No target in view!
No target in view!
There is a staircase leading out of the dungeon here.
A giant cockroach comes into view.
You hit the giant cockroach but do no damage.
The giant cockroach closely misses you.
You closely miss the giant cockroach. The giant cockroach bites you. x2
You slash the giant cockroach!
You kill the giant cockroach!
You have reached level 3!
Your experience leads to an increase in your attributes!
Increase (S)trength, (I)ntelligence, or (D)exterity?
You feel stronger. x2; Your demonic ancestry asserts itself...
Your fingernails lengthen.
You start resting.
HP restored.
There is a staircase leading out of the dungeon here.
Are you sure you want to leave the Dungeon?
This will make you lose the game!
You have escaped!

#.## #.## ##.# ## ##.##
#..# ##.########. ##.##
#.## ##.## #...#.. ##.##
#.# ##.## ###.##.
##.###.###.## ####.### #
##.##.##.## #....... . #
##.#.#.## ####.### #.#
########.#.###########.# #
#.#
#.......#@#.......#....# #
..##
########.#.###############
##.. ##.#.#.## #......
##.# ##.##.##.## #.#####
##.#### ##.###.###.##
##.##### ....... ##.## #.#
##.## #.รท...## ##.####
##.## #.# ##.####.##...
.#.# ##.## #.#
##.###.####. ...# ##.##
#.# ##....# #..


There were no monsters in sight!

Vanquished Creatures
  A dart slug (D:1)
  2 endoplasms (D:1)
  3 giant cockroaches (D:1)
  2 goblins (D:1)
  2 hobgoblins (D:1)
  2 quokkas (D:1)
  4 ball pythons (D:1)
  5 bats (D:1)
  A frilled lizard (D:1)
  A kobold (D:1)
  2 rats (D:1)
25 creatures vanquished.

Notes
Turn   | Place    | Note
-------+----------+-------------------------------------------
     0 | D:1      | RogueRain17 the Demonspawn Gladiator began the quest for
                  | the Orb.
     0 | D:1      | Reached XP level 1. HP: 16/16 MP: 1/1
    29 | D:1      | Found Jachokko's Assorted Antiques.
   315 | D:1      | Gained mutation: You are surrounded by a mild repulsion
                  | field. (EV +2) [demonic ancestry]
   315 | D:1      | Reached XP level 2. HP: 21/22 MP: 2/2
   520 | D:1      | Found a faded altar of an unknown god.
  1095 | D:1      | Gained mutation: You have sharp fingernails. [demonic
                  | ancestry]
  1095 | D:1      | Reached XP level 3. HP: 22/26 MP: 3/3
  1180 | D:$      | Got out of the dungeon alive.

Illustrated notes

Levels and vault maps discovered:
D:1:      spicycebolla_arrival_xxxplode, layout_loops_corners,
          nicolae_ecumenical_snake_handling, serial_glass, glass_columns_a,
          glass_columns_c, serial_shops, nicolae_shop_advertising_works
          [nicolae_subvault_shop_adworks]

Skill      XL: |  1  2 |
---------------+-------+-----
Axes           | 3 |  3.5
Dodging        | 3 |  3.1
Fighting       | |  2.0
Throwing       | |  1.7

Action                   || total
-------------------------++-------
Melee: War axe           ||    62
Armor: Leather armour    ||    24
Dodge: Dodged            ||    64
